 Dungeon Crawl Stone Soup version 0.30-a0-953-g5f1da4a474 (webtiles) character file.

Game seed: 2207285166124561620

229 BlueFish the Grasshopper (level 6, -5/41 HPs)
             Began as an Octopode Warper on Mar 28, 2023.
             Slain by a sleepcap (15 damage)
             ... on level 3 of the Dungeon.
             The game lasted 00:06:26 (2934 turns).

BlueFish the Grasshopper (Octopode Warper)          Turns: 2934, Time: 00:06:26

Health: -5/41      AC:  1    Str: 13    XL:     6   Next: 3%
Magic:  10/10      EV:  2    Int: 15    God:
Gold:   119        SH:  0    Dex: 17    Spells: 3/10 levels left

rFire   . . .      SeeInvis .    j - +0 whip
rCold   . . .      Faith    .    (no shield)
rNeg    . . .      Spirit   .    (helmet restricted)
rPois   .          Reflect  .    f - amulet of the acrobat
rElec   .          Rampage  .    u - +6 ring of dexterity
rCorr   .                        (no ring)
Will    .....                    (no ring)
Stlth   ++++                     (no ring)
HPRegen 0.26/turn                (no ring)
MPRegen 0.12/turn                (no ring)
                                 (no ring)
                                 (no ring)

@: sleeping
A: almost no armour, amphibious, 8 rings, camouflage 1, gelatinous body 1,
(nimble swimmer 1), tentacles
a: no special abilities


You were on level 3 of the Dungeon.
You visited 1 branch of the dungeon, and saw 3 of its levels.

You collected 119 gold pieces.

Inventory:

Hand Weapons
 j - a +0 whip (weapon)
 z - a +0 mace
Missiles
 b - 7 boomerangs of dispersal
 e - 31 stones (quivered)
 h - 3 boomerangs
 k - 7 poisoned darts
Armour
 y - a +0 buckler
Jewellery
 f - an amulet of the acrobat (around mantle)
 n - a +5 ring of evasion
 u - a +6 ring of dexterity (left tentacle)
Scrolls
 a - a scroll of blinking
 g - 2 scrolls of poison {unknown}
 m - a scroll of magic mapping {unknown}
 q - a scroll of immolation {unknown}
 r - 3 scrolls of identify {unknown}
 t - a scroll of vulnerability {unknown}
 x - 2 scrolls of fog {unknown}
 A - a scroll of enchant armour {unknown}
 B - a scroll of teleportation {unknown}
Potions
 c - a potion of attraction {unknown}
 d - 4 potions of flight {unknown}
 i - 3 potions of might {unknown}
 l - 3 potions of heal wounds {unknown}
 o - a potion of lignification {unknown}
 p - a potion of brilliance {unknown}
 s - 3 potions of curing {unknown}
 v - a potion of haste {unknown}
 w - a potion of resistance {unknown}
 C - a potion of berserk rage {unknown}


   Skills:
 + Level 2.5 Fighting
 + Level 1.4 Maces & Flails
 + Level 1.9 Throwing
 + Level 3.0 Dodging
 * Level 3.6 Stealth
 + Level 0.8 Shields
 - Level 2.0 Unarmed Combat
 + Level 2.7 Spellcasting
 + Level 3.7 Translocations


You had 3 spell levels left.
You knew the following spells:

 Your Spells              Type           Power      Damage    Failure   Level
a - Blink                 Tloc           26%        N/A       7%          2
b - Lesser Beckoning      Tloc           26%        N/A       7%          2
c - Teleport Other        Tloc           13%        N/A       13%         3

Your spell library contained the following spells:

 Spells                   Type           Power      Damage    Failure   Level
 Vhi's Electric Charge    Tloc/Air       14%        N/A       28%         3
 Manifold Assault         Tloc           13%        N/A       41%         4


Dungeon Overview and Level Annotations

Branches:
Dungeon (3/15)

Altars:


Innate Abilities, Weirdness & Mutations

You cannot wear most types of armour.
You are amphibious.
You can wear up to eight rings at the same time.
Your skin changes colour to match your surroundings (Stealth+).
Your rubbery body absorbs attacks. (AC +1, EV +1)
((You are camouflaged when in or above water. (Stealth+)))
You have tentacles for arms and can constrict up to eight enemies at once.


Message History

A bat comes into view.
The bat moves out of view.
The helpless shadow imp fails to defend itself.
You hit the shadow imp. Your grab misses the shadow imp.
The shadow imp is heavily wounded.
The shadow imp closely misses you.
You hit the shadow imp but do no damage.
Your grab misses the shadow imp. You tentacle-slap the shadow imp.
The shadow imp is almost dead.
A ball python comes into view.
The shadow imp hits you. The shadow imp gestures at you.
Pain shoots through your body! The shadow imp gestures at you.
Pain shoots through your body!
The ball python hisses angrily.
You hit the sleepcap. You grab the sleepcap. You squeeze the sleepcap!
The sleepcap is moderately damaged.
You constrict the sleepcap. The sleepcap barely misses you.
You hit the sleepcap but do no damage.
The sleepcap is moderately damaged.
You constrict the sleepcap. The sleepcap releases spores at you.
You hit the sleepcap.
The sleepcap is heavily damaged.
You constrict the sleepcap, but do no damage.
The sleepcap completely misses you.
You hit the sleepcap.
The sleepcap is severely damaged.
You constrict the sleepcap, but do no damage.
The sleepcap closely misses you.
You hit the sleepcap but do no damage.
The sleepcap is severely damaged.
You constrict the sleepcap, but do no damage.
The sleepcap releases spores at you!
* * * LOW HITPOINT WARNING * * *
You are engulfed in a cloud of soporific spores!
You fall asleep.
You lose your grip on the sleepcap.
The sleepcap releases spores at you!
You die...

#################
######.(.##o5f@.......
#..........S#####.####
..#####..##.####...#
#.#..#.##..†#.#
#.#.#......#...#
#)#.##.#.#..##.##
#)#=# #!#.......#
#.#$# #......#### .#.#
#.#..##.##


You could see a sleepcap, a shadow imp, an orc and a ball python.

Vanquished Creatures
  An iguana (D:3)
  Natasha (thrice) (D:3)
  Robin (D:2)
  2 adders (D:2)
  A worm (D:3)
  3 dart slugs
  5 ball pythons
  3 bats
  5 endoplasms
  4 giant cockroaches
  19 goblins
  5 hobgoblins
  8 jackals
  3 quokkas
  4 frilled lizards
  10 kobolds
  7 rats
84 creatures vanquished.

Notes
Turn   | Place    | Note
-------+----------+-------------------------------------------
     0 | D:1      | BlueFish the Octopode Warper began the quest for the Orb.
     0 | D:1      | Reached XP level 1. HP: 14/14 MP: 3/3
   124 | D:1      | Reached skill level 1 in Stealth
   145 | D:1      | Reached XP level 2. HP: 18/19 MP: 5/5
   398 | D:1      | You fall into a shaft and drop 1 floor!
   491 | D:1      | Reached XP level 3. HP: 24/24 MP: 6/6
  1400 | D:2      | Reached XP level 4. HP: 29/29 MP: 7/7
  1524 | D:2      | Noticed Robin
  1558 | D:2      | Killed Robin
  1578 | D:2      | Learned a level 2 spell: Blink
  1581 | D:2      | Learned a level 2 spell: Lesser Beckoning
  1585 | D:2      | Learned a level 3 spell: Teleport Other
  1738 | D:2      | Found a faded altar of an unknown god.
  1747 | D:2      | Reached skill level 1 in Maces & Flails
  2349 | D:3      | Reached XP level 5. HP: 35/35 MP: 8/8
  2495 | D:3      | Noticed Natasha
  2502 | D:3      | Killed Natasha
  2510 | D:3      | Noticed Natasha
  2515 | D:3      | Killed Natasha
  2820 | D:3      | Noticed Natasha
  2835 | D:3      | Killed Natasha
  2836 | D:3      | Reached XP level 6. HP: 21/41 MP: 10/10
  2934 | D:3      | Slain by a sleepcap

Illustrated notes

Levels and vault maps discovered:
D:1:      matt_arrival_diagonals, layout_basic
D:2:      layout_basic, chequers_ecumenical_altar_island,
          kennysheep_generic_room_6, uniq_robin
D:3:      minmay_inner_zag, layout_loops_cross, minmay_circle_x, uniq_natasha

Skill      XL: |  1  2  3  4  5 |
---------------+----------------+-----
Stealth        | 1 2 3 |  3.6
Maces & Flails | 1 |  1.4
Dodging        | 3 |  3.0
Fighting       | |  2.5
Throwing       | |  1.9
Shields        | |  0.8
Unarmed Combat | |  2.0
Spellcasting   | |  2.7
Translocations | |  3.7

Action                     |  1- 3 |  4- 6 || total
---------------------------+-------+-------++-------
  Melee: Club              |    40 |       ||    40
         Constrict         |    22 |    30 ||    52
         Tentacles         |    15 |    23 ||    38
         Punch             |     3 |     3 ||     6
         Unarmed           |     1 |       ||     1
         Whip              |    49 |   104 ||   153
   Stab: Sleeping          |    14 |    18 ||    32
 Armour: Skin              |     6 |     9 ||    15
  Dodge: Dodged            |    63 |    68 ||   131

Table legend: (Time is in decaauts)
 A = Elapsed time spent in this place.
 B = Non-inter-level travel time spent in this place.
 C = Inter-level travel time spent in this place.
 D = Time resting spent in this place.
 E = Time spent auto-exploring this place.
 F = Levels seen in this place.
 G = Mean time per level.
                   A        B        C        D        E       F      G
               +--------+--------+--------+--------+--------+-----+--------+
         Total |   2953 |   2907 |     46 |     13 |   2223 |   3 |  984.3 |
       Dungeon |   2953 |   2907 |     46 |     13 |   2223 |   3 |  984.3 |
               +--------+--------+--------+--------+--------+-----+--------+

Top non-repeatable levels by time:
     D:2: 1155 daAuts
     D:1: 1049 daAuts
     D:3: 748 daAuts
